 Dungeon Crawl Stone Soup version 0.28-b1-25-g9875b3fc8c (webtiles) character file.

Game seed: 18345097416483039677

1781 sanka the Frost Mage (level 9, -3/69 HPs)
             Began as a Formicid Ice Elementalist on Feb 5, 2022.
             Was a Follower of Vehumet.
             Slain by a boulder beetle (26 damage)
             ... on level 6 of the Dungeon.
             The game lasted 00:17:05 (8489 turns).

sanka the Frost Mage (Formicid Ice Elementalist)    Turns: 8489, Time: 00:17:05

Health: -3/69      AC:  4    Str: 17    XL:     9   Next: 29%
Magic:  2/12       EV: 16    Int: 18    God:    Vehumet [*.....]
Gold:   13         SH:  0    Dex: 18    Spells: 0/14 levels left

rFire   . . .      SeeInvis +   a - +8 war axe of the Assorted Stars {holy, Str+3 Dex+7}
rCold   . . .      Faith    .   (no shield)
rNeg    . . .      Spirit   .   r - +0 robe
rPois   +          Reflect  .   (helmet unavailable)
rElec   .          Harm     .   y - scarf {shadows}
rCorr   .          Rampage  .   (no gloves)
Will    .....                   n - +1 pair of boots
Stlth   ++........              (no amulet)
HPRegen 0.21/turn               C - ring of wizardry
MPRegen 0.13/turn               (no ring)

@: unable to read
A: permanent stasis, dig shafts and tunnels, antennae 3, four strong arms, low
MP 1, poison resistance, inability to read while threatened
a: Dig, Shaft Self, Renounce Religion


You were on level 6 of the Dungeon.
You worshipped Vehumet.
Vehumet was aware of your devotion.
You visited 2 branches of the dungeon, and saw 8 of its levels.

You collected 390 gold pieces.
You spent 377 gold pieces at shops.

Inventory:

Hand Weapons
 a - the +8 war axe of the Assorted Stars (weapon) {holy, Str+3 Dex+7}
   (You found it on level 3 of the Dungeon)

   It has been blessed by the Shining One to cause great damage to the undead
   and demons.
   Str:       It affects your strength (+3).
   Dex:       It affects your dexterity (+7).
 t - a +7 flail of protection
Armour
 n - a +1 pair of boots (worn)
 r - a +0 robe (worn)
 y - a scarf of shadows (worn)
Magical Staves
 b - a staff of cold
Jewellery
 C - a ring of wizardry (left hand)
Wands
 B - a wand of polymorph (7)
Scrolls
 c - 5 scrolls of teleportation
 e - 5 scrolls of enchant weapon
 g - 3 scrolls of identify
 k - 2 scrolls of amnesia
 m - 2 scrolls of brand weapon
 o - 2 scrolls of summoning
 q - 2 scrolls of magic mapping
 s - a scroll of blinking {unknown}
 u - 3 scrolls of vulnerability
 v - 2 scrolls of enchant armour
 w - 2 scrolls of fear {unknown}
 x - a scroll of acquirement
 A - 2 scrolls of fog {unknown}
 D - a scroll of immolation
Potions
 d - a potion of flight {unknown}
 f - 3 potions of mutation
 h - a potion of degeneration {unknown}
 j - a potion of brilliance {unknown}
 l - a potion of berserk rage {unknown}
 p - a potion of lignification {unknown}
 z - a potion of haste {unknown}


   Skills:
 - Level 6.0 Fighting
 + Level 6.5 Dodging
 - Level 2.4 Stealth
 - Level 3.0 Spellcasting
 - Level 8.0 Ice Magic


You couldn't memorise any spells.
You knew the following spells:

 Your Spells              Type           Power      Damage    Failure   Level
a - Freeze                Ice            100%       1d11      1%          1
b - Frozen Ramparts       Ice            62%        1d8       1%          3
c - Ozocubu's Armour      Ice            31%        N/A       1%          3
d - Ozocubu's Refrigerat  Ice            15%        4d8       87%         7

Your spell library contained the following spells:

 Spells                   Type           Power      Damage    Failure   Level
 Sandblast                Erth           4%         2d4       6%          1
 Beastly Appendage        Tmut           4%         N/A       6%          1
 Sting                    Tmut/Pois      8%         1d3       6%          1
 Summon Small Mammal      Summ           8%         N/A       6%          1
 Poisonous Vapours        Pois/Air       4%         N/A       10%         2
 Wereblood                Tmut           2%         N/A       10%         2
 Hailstorm                Conj/Ice       17%        3d6       12%         4
 Call Canine Familiar     Summ           2%         N/A       19%         3
 Spider Form              Tmut/Pois      2%         N/A       19%         3
 Summon Guardian Golem    Hex/Summ       2%         N/A       19%         3
 Olgreb's Toxic Radiance  Pois           2%         N/A       52%         4
 Summon Lightning Spire   Summ/Air       2%         N/A       52%         4
 Storm Form               Tmut/Air       1%         N/A       100%        7
 Maxwell's Capacitive Co  Air            1%         ∞         100%        8


Dungeon Overview and Level Annotations

Branches:
Dungeon (7/15)             Temple (1/1) D:4

Altars:
Ashenzari
Cheibriados
Dithmenos
Fedhas
Gozag
Hepliaklqana
Nemelex Xobeh
Ru
Trog
Uskayaw
Vehumet
Wu Jian

Shops:
D:3 (   D:6 ?

Annotations:
D:3 Grinder, Ijyb
D:6 Maggie


Innate Abilities, Weirdness & Mutations

You cannot be hasted, slowed, berserked, paralysed or teleported.
You can dig through walls and to a lower floor.
You have a pair of large antennae on your head. (SInv)
Your four strong arms can wield two-handed weapons with a shield.
Your magical capacity is low. (-10% MP)
Your system is resistant to poisons. (rPois)
You sometimes lose the ability to read scrolls when taking damage.


Message History

The boulder beetle completely misses you.
Unknown command.
Casting: Freeze (safe; 1% risk of failure)
Confirm with . or Enter, or press ? or * to list all spells.
Aiming: Freeze (safe; 1% risk of failure)
Press: ? - help, Shift-Dir - straight line, f/p - boulder beetle
Aim: a boulder beetle (severely wounded)
You freeze the boulder beetle!
The boulder beetle is severely wounded.
The boulder beetle leaps!
You feel better.
Your icy armour will break if you move.
Continue?
Your icy armour cracks and falls away as you move.
The boulder beetle leaps!
You start resting.
A boulder beetle is nearby!
Casting: Freeze (safe; 1% risk of failure)
Confirm with . or Enter, or press ? or * to list all spells.
Casting: Frozen Ramparts (safe; 1% risk of failure)
Press: ? - help, Dir - look around, f - activate The walls around you are covered in ice.
The boulder beetle leaps!
Casting: Frozen Ramparts (safe; 1% risk of failure)
Confirm with . or Enter, or press ? or * to list all spells.
You don't know that spell.
The boulder beetle leaps!
The boulder beetle leaps!
You start resting.
A boulder beetle is nearby!
The boulder beetle curls into a ball and begins rolling!
The frozen ramparts melt away.
The boulder beetle misses you.
The boulder beetle stops rolling and uncurls.
You hit the boulder beetle but do no damage.
The boulder beetle is severely wounded.
The boulder beetle bites you!
You feel threatened and lose the ability to read scrolls!
You hit the boulder beetle but do no damage.
The boulder beetle is severely wounded.
The boulder beetle barely misses you. The boulder beetle bites you!!
You die...

### #.##.....#
..########..#.#####
..'............#
..#########....#
..##########...#
..#.(..........#
..#............#
..#............######
..#...........>B@...#
..#.................#
..######.°..........#
..# #............#
### #.......######
#...)...# #.......#
#.......# #.......#


You could see a boulder beetle.

Vanquished Creatures
  A shadow (D:7)
  An acid dragon (D:5)
  An orc warrior (D:6)
  2 sky beasts
  A necrophage (D:4)
  A centaur (D:7)
  A kobold brigand (D:6)
  2 scorpions
  5 wights (D:7)
  A howler monkey (D:5)
  2 centaur zombies (D:7)
  A bullfrog zombie (D:6)
  A jelly (D:7)
  A hound (D:6)
  3 orc priests
  A gnoll shaman (D:7)
  Terence (D:3)
  3 iguanas
  A hound zombie (D:5)
  A hound skeleton (D:5)
  A howler monkey skeleton (D:5)
  4 adders
  9 gnolls (D:7)
  A white imp (D:6)
  An ufetubus (D:5)
  An adder skeleton (D:4)
  3 worms
  4 dart slugs
  7 orcs
  9 ball pythons
  6 endoplasms
  4 giant cockroaches
  6 hobgoblins
  2 jackals (D:2)
  7 kobolds
  2 quokkas
  2 bats
  4 frilled lizards
  4 rats
108 creatures vanquished.

Vanquished Creatures (others)
  4 plants (D:2)
4 creatures vanquished.

Grand Total: 112 creatures vanquished

Notes
Turn   | Place    | Note
-------+----------+-------------------------------------------
     0 | D:1      | sanka the Formicid Ice Elementalist began the quest for the
                  | Orb.
     0 | D:1      | Reached XP level 1. HP: 13/13 MP: 3/3
   132 | D:1      | Reached XP level 2. HP: 12/19 MP: 3/5
   484 | D:1      | Found a faded altar of an unknown god.
   939 | D:2      | Reached XP level 3. HP: 10/24 MP: 0/7
  1156 | D:2      | Learned a level 3 spell: Frozen Ramparts
  1160 | D:2      | Learned a level 3 spell: Ozocubu's Armour
  1926 | D:2      | Reached XP level 4. HP: 27/30 MP: 2/8
  2181 | D:2      | Reached skill level 5 in Ice Magic
  2384 | D:3      | Identified the +8 war axe of the Assorted Stars {holy,
                  | Str+3 Dex+7}
  2407 | D:3      | Found Minna's Weapon Boutique.
  2432 | D:3      | Noticed Grinder
  2496 | D:3      | Found a snail-covered altar of Cheibriados.
  2979 | D:3      | Noticed Ijyb
  3038 | D:3      | Found a sacrificial altar of Ru.
  3049 | D:3      | Noticed Terence
  3058 | D:3      | Killed Terence
  3059 | D:3      | Reached XP level 5. HP: 35/35 MP: 1/9
  3590 | D:4      | Found a bloodstained altar of Trog.
  3683 | D:4      | Reached skill level 6 in Ice Magic
  3825 | D:4      | Found a staircase to the Ecumenical Temple.
  3826 | D:4      | Noticed a sky beast
  3845 | D:4      | Killed a sky beast
  3846 | D:4      | Reached XP level 6. HP: 41/41 MP: 4/10
  3902 | Temple   | Entered the Ecumenical Temple
  3998 | Temple   | Became a worshipper of Vehumet
  4225 | D:4      | Noticed a necrophage
  4234 | D:4      | Killed a necrophage
  4235 | D:4      | Reached skill level 7 in Ice Magic
  4282 | D:4      | Found a hazy altar of Hepliaklqana.
  4573 | D:5      | Entered Level 5 of the Dungeon
  4581 | D:5      | Reached XP level 7. HP: 46/46 MP: 11/11
  4799 | D:5      | Noticed an acid dragon
  5459 | D:5      | Reached skill level 8 in Ice Magic
  5761 | D:5      | Killed an acid dragon
  6124 | D:5      | Found a blossoming altar of Fedhas.
  6390 | D:6      | Found Cotigowi's Magic Scroll Shoppe.
  6430 | D:6      | Reached XP level 8. HP: 58/58 MP: 6/12
  6659 | D:6      | Noticed Maggie
  7201 | D:6      | Bought a scroll of enchant weapon for 82 gold pieces
  7201 | D:6      | Bought a scroll of enchant armour for 82 gold pieces
  7201 | D:6      | Bought a scroll of summoning for 104 gold pieces
  7201 | D:6      | Bought a scroll of identify for 22 gold pieces
  7201 | D:6      | Bought a scroll of immolation for 38 gold pieces
  7201 | D:6      | Bought a scroll of amnesia for 38 gold pieces
  7201 | D:6      | Bought a scroll of noise for 11 gold pieces
  7205 | D:6      | Identified a scroll of acquirement
  7207 | D:6      | Acquired a staff of cold
  7296 | D:7      | Reached * piety under Vehumet
  7296 | D:7      | Offered knowledge of Sandblast by Vehumet.
  7454 | D:7      | Reached skill level 5 in Fighting
  7619 | D:7      | Noticed a shadow
  7626 | D:7      | Killed a shadow
  7627 | D:7      | Reached skill level 5 in Dodging
  7627 | D:7      | Reached XP level 9. HP: 64/69 MP: 10/13
  7656 | D:7      | Learned a level 7 spell: Ozocubu's Refrigeration
  8391 | D:7      | Noticed a boulder beetle
  8457 | D:6      | Gained mutation: Your magical capacity is low. (-10% MP)
                  | [potion of mutation]
  8457 | D:6      | Gained mutation: Your system is resistant to poisons.
                  | (rPois) [potion of mutation]
  8457 | D:6      | Gained mutation: You sometimes lose the ability to read
                  | scrolls when taking damage. [potion of mutation]
  8489 | D:6      | Slain by a boulder beetle

Illustrated notes

Levels and vault maps discovered:
D:1:      dpeg_arrival_shelter, layout_basic, basic_ecumenical_altar,
          st_stairs_7, chequers_serial_rivers_small_b, corexii_corridor_pit,
          minmay_tromino_v2
D:2:      cheibrodos_old_hovel, layout_basic
D:3:      layout_basic, nicolae_ru_great_annihilating_truth,
          kennysheep_slug_shrine, serial_shops,
          nicolae_shop_bloodbath_and_beyond, uniq_ijyb, uniq_terence,
          uniq_grinder
D:4:      layout_loops_corners, mainiacjoe_overflow_small_starburst,
          mainiacjoe_overflow_brackets, minmay_temple_entry_overgrown
D:5:      layout_cave_pods, kennysheep_little_box
D:6:      layout_basic, serial_shops, shop, feat_on_display, uniq_maggie
D:7:      layout_loops_ring, lemuel_tele_altar, minmay_the_grid_2x2
          [minmay_the_grid_gridbox, minmay_the_grid_plusring,
          minmay_the_grid_slots, minmay_the_grid_prize_trominoes]
Temple:   nicolae_temple_figure_zero

Skill      XL: |  1  2  3  4  5  6  7  8  9 |
---------------+----------------------------+-----
Spellcasting   | 3 |  3.0
Ice Magic      | 5 6 7 8 |  8.0
Dodging        | 3 5 6 |  6.5
Fighting       | 3 5 6 |  6.0
Stealth        | |  2.4

Action                   |  1- 3 |  4- 6 |  7- 9 || total
-------------------------+-------+-------+-------++-------
Melee: Unarmed           |     9 |     2 |       ||    11
       Punch             |     1 |       |     1 ||     2
       War axe           |       |    12 |    67 ||    79
 Cast: Freeze            |    52 |    45 |    39 ||   136
       Frozen Ramparts   |       |     3 |    16 ||    19
       Ozocubu's Armour  |       |     1 |    13 ||    14
  Use: Scroll            |       |       |     6 ||     6
       Potion            |       |       |     4 ||     4
 Stab: Sleeping          |       |     3 |     1 ||     4
Armor: Robe              |     6 |     7 |    34 ||    47
Dodge: Dodged            |    29 |    23 |    96 ||   148
